 Dungeon Sprint DCSS version 0.27.1-1-g398f81649c (webtiles) character file.

Game seed: 7082670426790989540

10 boopmooplesden the Covered (level 2, -4/28 HPs)
             Began as a Minotaur Fighter on Sept 15, 2021.
             Slain by a scorpion (5 damage)
             ... in the Dungeon (Sprint IV: "Fedhas' Mad Dash").
             The game lasted 00:00:23 (236 turns).

boopmooplesden the Covered (Minotaur Fighter)        Turns: 236, Time: 00:00:23

Health: -4/28      AC:  3    Str: 20    XL:     2   Next: 10%
Magic:  1/1        EV:  7    Int:  5    God:
Gold:   0          SH:  9    Dex:  9    Spells: 1/1 levels left

rFire    . . .     SeeInvis .   a - +0 war axe
rCold    . . .     Faith    .   c - +0 kite shield
rNeg     . . .     Spirit   .   b - +0 scale mail
rPois    .         Reflect  .   (helmet restricted)
rElec    .         Harm     .   (no cloak)
rCorr    .         Rampage  .   (no gloves)
Will     .....     NoTele   +   (no boots)
Stlth    ..........             (no amulet)
HPRegen  0.09/turn              (no ring)
MPRegen  0.07/turn              (no ring)

@: corroded
A: horns 2, retaliatory headbutt
a: no special abilities


You were in the Dungeon.
You visited 1 branch

Inventory:

Hand Weapons
 a - a +0 war axe (weapon)
Armour
 b - a +0 scale mail (worn)
 c - a +0 kite shield (worn)
Potions
 d - a potion of might
 e - a potion of curing
 f - a potion of heal wounds
 g - a potion of haste
 h - 2 potions of magic
 i - a potion of berserk rage


   Skills:
 + Level 4.6 Fighting
 + Level 2.7 Axes
 + Level 4.7 Armour
 + Level 4.5 Shields


You had one spell level left.
You didn't know any spells.
Your spell library was empty.

Dungeon Overview and Level Annotations

Branches:
Dungeon (1/1)

Altars:

Annotations:
D exclusion: oklob sapling


Innate Abilities, Weirdness & Mutations

You have a pair of horns on your head.
You reflexively headbutt those who attack you in melee.


Message History

The river rat bites you but does no damage.
You block the river rat's attack.
You closely miss the river rat.
The river rat is heavily wounded.
The river rat bites you. x2
You closely miss the river rat. You headbutt the river rat.
The river rat is severely wounded.
The river rat bites you.
* * * LOW HITPOINT WARNING * * *
You slash the river rat!
You kill the river rat!
Your Fighting skill increases to level 4!
Your Armour skill increases to level 4!
Your Shields skill increases to level 4!
You have reached level 2!
You see here a +0 robe.
You see here a rat corpse.
You start resting.
HP restored.
You open the door.
Found 38 gold pieces.
An oklob sapling comes into view.
Found 10 gold pieces.
The oklob sapling spits acid at you. The splash of acid hits you!!
Ouch! That really hurt!
The acid corrodes you!
You are splashed with acid!
* * * LOW HITPOINT WARNING * * *
Marking area around an oklob sapling as unsafe for travelling.
There is an open door here.
Blink to where?
Press: ? - help, Dir - move target A scorpion comes into view.
Found 23 gold pieces and the amulet of invisibility {+Inv}.
As you read the scroll of blinking, it crumbles to dust.
You hit the scorpion.
You headbutt the scorpion, but do no damage.
The scorpion is lightly wounded.
The scorpion stings you.
You die...

##################
#<...#.....#.$@$$#
#....'.[...§.#s$.+
#....#.÷...#P#"..#
###############+##


You could see a scorpion.

Vanquished Creatures
  A river rat (D)
  A rat (D)
2 creatures vanquished.

Vanquished Creatures (others)
  7 fungi (D)
7 creatures vanquished.

Grand Total: 9 creatures vanquished

Notes
Turn   | Place    | Note
-------+----------+-------------------------------------------
     0 | D        | boopmooplesden the Minotaur Fighter began the quest for the
                  | Orb.
     0 | D        | Reached XP level 1. HP: 19/19 MP: 0/0
    27 | D        | Reached XP level 2. HP: 9/28 MP: 1/1
   234 | D        | Noticed an oklob sapling
   234 | D        | HP: 1/28 [acid (8)]
   235 | D        | Noticed a scorpion
   235 | D        | Found the amulet of invisibility {+Inv}
   236 | D        | Slain by a scorpion

Illustrated notes

Levels and vault maps discovered:
D:        dungeon_sprint_fedhas [sprint_temple]

Skill      XL: |  1 |
---------------+----+-----
Fighting       | 4 |  4.6
Armour         | 4 |  4.7
Shields        | 4 |  4.5
Axes           | |  2.7

Action                   || total
-------------------------++-------
Melee: War axe           ||    20
       Headbutt          ||     8
  Use: Scroll            ||     1
Armor: Scale mail        ||     3
Dodge: Dodged            ||     3
Block: Kite shield       ||     1
